 Dungeon Crawl Stone Soup version 0.32-a0-938-g40ac7a0f4d (webtiles) character file.

Game seed: 11225807115864945015

107 uglyjohn the Changeling (level 4, 37/37 HPs)
             Began as a Draconian Shapeshifter on Apr 15, 2024.
             Was an Initiate of Makhleb.
             Quit the game in the Ecumenical Temple.
             The game lasted 00:03:35 (2089 turns).

uglyjohn the Changeling (Draconian Shapeshifter)    Turns: 2089, Time: 00:03:36

Health: 37/37      AC:  5    Str: 17    XL:     4   Next: 56%
Magic:  4/4        EV: 11    Int: 12    God:    Makhleb [......]
Gold:   205        SH:  0    Dex: 10    Spells: 3/3 levels left

rFire   . .          .
                       - Unarmed
rCold   . . .        (no shield)
rNeg    . . .        (body armour unavailable)
rPois   .            (helmet currently unavailable)
rElec   .            (cloak currently unavailable)
rCorr   .            (gloves currently unavailable)
SInv    .            (boots currently unavailable)
Will    .....        (no amulet)
Stlth   +            (no ring)
HPRegen 0.26/turn    (no ring)
MPRegen 0.09/turn

%: no passive effects
@: beast-form
A: beast (slay +2), AC +5, unfitting armour, cold-blooded
a: Begin Untransformation, Renounce Religion


You were in the Ecumenical Temple.
You worshipped Makhleb.
Makhleb was noncommittal.
You were a hulking beast.
You visited 2 branches of the dungeon, and saw 5 of its levels.

You collected 205 gold pieces.

Inventory:

Armour
 d - a +1 cloak
Talismans
 b - a beast talisman (active)
 c - a flux talisman
Wands
 g - a wand of mindburst (12)
Scrolls
 e - 2 scrolls of vulnerability {unknown}
 f - 3 scrolls of teleportation
 h - a scroll of poison {unknown}
 k - a scroll of immolation {unknown}
 m - a scroll of fog {unknown}
 n - a scroll of enchant armour {unknown}
 q - a scroll of fear {unknown}
Potions
 a - a potion of lignification
 i - 2 potions of enlightenment {unknown}
 j - a potion of curing {unknown}
 l - 2 potions of attraction {unknown}
 o - a potion of invisibility {unknown}
 p - a potion of mutation {unknown}


   Skills:
 - Level 2.4 Fighting
 - Level 2.4 Dodging
 - Level 3.5 Unarmed Combat
 + Level 0.0 Invocations
 - Level 3.9 Shapeshifting


You had 3 spell levels left.
You didn't know any spells.
Your spell library contained the following spells:

 Spells                   Type           Power      Damage    Failure   Level
 Sting                    Conj/Alch      0%         1d3       32%         1
 Mercury Vapours          Alch/Air       0%         N/A       45%         2
 Olgreb's Toxic Radiance  Alch           0%         N/A       97%         4


Dungeon Overview and Level Annotations

Branches:
Dungeon (4/15)             Temple (1/1) D:4

Altars:
Ashenzari
Cheibriados
Fedhas
Gozag
Hepliaklqana
Makhleb
Nemelex Xobeh
Qazlal
Ru
Vehumet
Zin

Shops:
D:2 (


Innate Abilities, Weirdness & Mutations

You are a hulking beast.
Your limbs bulge with bestial killing power. (Slay +2)
Your plain brown scales are hard. (AC +5)
You cannot fit into any form of body armour.
You are cold-blooded and may be slowed by cold attacks.


Message History

Done exploring.
What level of the Dungeon? (default 3, ? - help)
Okay, then.
What level of the Dungeon? (default 3, ? - help)
Okay, then.
What level of the Dungeon? (default 3, ? - help)
There is a stone staircase leading down here.
You climb downwards.
Found 8 stones.
Found a staircase to the Ecumenical Temple.
There is a stone staircase leading up here.
An ogre is nearby!
Found a scroll labelled IPTOWN OXUROU.
The ogre falls through a shaft!
The shaft crumbles and collapses.
A jelly comes into view.
An endoplasm comes into view.
There are monsters nearby!
There are monsters nearby!
There are monsters nearby!
The jelly quivers.
A quokka comes into view.
A goblin comes into view. It is wielding a +0 dagger.
The goblin shouts!
There is a staircase to the Ecumenical Temple here.
You climb downwards.
Welcome to the Ecumenical Temple!
Found a blossoming altar of Fedhas.
Found a staircase back to the Dungeon.
There is a staircase back to the Dungeon here.
Done exploring.
You enter the shallow water.
Moving in this stuff is going to be slow.
You enter the shallow water.
Moving in this stuff is going to be slow.
You enter the shallow water.
Moving in this stuff is going to be slow.
There is a broken altar of Ashenzari here.
You enter the shallow water.
Moving in this stuff is going to be slow.
There is a burning altar of Makhleb here.
You kneel at the altar of Makhleb.
Makhleb welcomes you!
Are you sure you want to abandon this character and quit the game? (Confirm with "yes".)

~._.~~.~..........♣....≈~♣
~...~......§♣♣.......♣~≈♣♣
.♣..♣....~..♣.........≈≈♣
.♣♣♣♣......~♣.._......~♣♣
..♣ ♣.....~~§..§.♣~.♣.♣♣
♣.♣♣♣.~.♣♣~......♣♣...♣
...♣..~.♣♣~._~♣♣♣..~~.♣♣
...~...♣......♣~..~~~.~♣♣
....~...._......h.~~~.~≈♣
~.....................~~♣♣
.........~....§......♣.~≈♣
......§..~~........_.♣♣~≈♣♣
..♣♣♣.._.~~~...~.♣...♣..≈≈♣
.♣♣ ♣....~~~.♣.~.♣..♣.~.≈≈♣
.♣♣♣♣...~~~~.~.....♣....~≈♣
........~~~...~~.~♣♣~...~≈♣♣
......♣.....~~≈≈♣♣♣.....≈≈≈♣


There were no monsters in sight!

Vanquished Creatures
  A gnoll (D:1)
  3 adders
  4 dart slugs
  2 orcs (D:3)
  3 endoplasms
  A giant cockroach (D:1)
  7 goblins
  3 hobgoblins
  4 jackals (D:3)
  4 quokkas (D:1)
  6 ball pythons
  8 bats
  5 frilled lizards
  3 kobolds
  8 rats
62 creatures vanquished.

Notes
Turn   | Place    | Note
-------+----------+-------------------------------------------
     0 | D:1      | uglyjohn the Draconian Shapeshifter began the quest for the
                  | Orb.
     0 | D:1      | Reached XP level 1. HP: 16/16 MP: 1/1
   187 | D:1      | Reached XP level 2. HP: 11/23 MP: 2/2
   444 | D:1      | Reached XP level 3. HP: 29/29 MP: 3/3
  1096 | D:2      | Found Vafie's Antique Weapon Shop.
  1319 | D:2      | You fall into a shaft and drop 1 floor!
  1343 | D:3      | Reached XP level 4. HP: 34/36 MP: 4/4
  1533 | D:3      | Found a radiant altar of Vehumet.
  2044 | D:4      | Noticed an ogre
  2044 | D:4      | Found a staircase to the Ecumenical Temple.
  2056 | Temple   | Entered the Ecumenical Temple
  2088 | Temple   | Became a worshipper of Makhleb the Destroyer
  2089 | Temple   | Quit the game

Illustrated notes

Levels and vault maps discovered:
D:1:      heliophobic_arrival_glass_houses, layout_loops_ring,
          dk_noncrumbling_2, minmay_misc_feat_four_crosses
D:2:      layout_basic, serial_shops, nicolae_diamond_shop
D:3:      layout_basic, nicolae_vehumet_radiance, chequers_serial_rivers_micro_e
D:4:      layout_loops_ring, minmay_temple_entry_sparse_star,
          kennysheep_cross_bottleneck, hangedman_decor_push, uniq_sigmund
Temple:   nicolae_temple_bog_church

Skill      XL: |  1  2  3 |
---------------+----------+-----
Dodging        | 2 |  2.4
Fighting       | 2 |  2.4
Unarmed Combat | |  3.5
Shapeshifting  | |  3.9

Action                     |  1- 3 |  4- 6 || total
---------------------------+-------+-------++-------
  Melee: Unarmed           |   115 |    60 ||   175
         Tailslap          |    12 |     7 ||    19
         Punch             |     1 |     2 ||     3
    Use: Scroll            |       |     1 ||     1
   Stab: Sleeping          |     1 |       ||     1
 Armour: Skin              |    62 |    38 ||   100
  Dodge: Dodged            |    62 |    40 ||   102

Table legend: (Time is in decaauts)
 A = Elapsed time spent in this place.
 B = Non-inter-level travel time spent in this place.
 C = Inter-level travel time spent in this place.
 D = Time resting spent in this place.
 E = Time spent auto-exploring this place.
 F = Levels seen in this place.
 G = Mean time per level.
                   A        B        C        D        E       F      G
               +--------+--------+--------+--------+--------+-----+--------+
         Total |   2082 |   2046 |     36 |    131 |   1462 |   5 |  416.4 |
       Dungeon |   2046 |   2010 |     36 |    131 |   1462 |   4 |  511.5 |
        Temple |     36 |     36 |      0 |      0 |      0 |   1 |   36.0 |
               +--------+--------+--------+--------+--------+-----+--------+

Top non-repeatable levels by time:
     D:1: 914 daAuts
     D:3: 654 daAuts
     D:2: 465 daAuts
  Temple: 36 daAuts
     D:4: 11 daAuts
